Map: Distant Plane

Players

JohnMcClane

  • Race: Protoss Protoss
  • League: Gold

Hindulaatti

  • Race: Terran Terran

Kaevon

  • Race: Terran Terran

MacWest

  • Race: Terran Terran

VOD

Have the link to the VOD?

Description

Time

  • Played on: Feb. 3, 2016, 8:44 a.m.
  • Length: 13:50
Show
View Real Time Build Order
Export as new Build Order

JohnMcClane Protoss 

Build Orders:  

Get SALT Encoding   

  12  0:01  Probe (Chrono Boost)  
  13  0:11  Probe (Chrono Boost)  
  14  0:22  Pylon, Probe (Chrono Boost)  
  15  0:40  Gateway, Probe (Chrono Boost)  
  16  0:44  Assimilator  
  16  0:50  Probe (Chrono Boost)  
  17  1:01  Probe (Chrono Boost)  
  18  1:11  Probe (Chrono Boost)  
  19  1:22  Probe (Chrono Boost)  
  20  1:31  Cybernetics Core  
  21  1:32  Probe (Chrono Boost)  
  21  1:36  Pylon  
  20  1:43  Probe (Chrono Boost)  
  21  1:49  Assimilator  
  22  2:01  Probe (Chrono Boost)  
  22  2:07  Warp Gate  
  22  2:16  Mothership Core (Chrono Boost)  
  22  2:18  Pylon  
  23  2:29  Gateway  
  23  2:45  Probe (Chrono Boost)  
  24  2:54  Nexus  
  24  3:02  Gateway  
  24  3:03  Gateway  
  24  3:10  Pylon  
  24  3:21  Pylon  
  24  3:25  Pylon  
  24  3:37  Pylon  
  24  3:39  Gateway  
  24  3:42  Robotics Facility  
  24  3:48  Probe (Chrono Boost)  
  25  3:59  Probe (Chrono Boost)  
  26  4:11  Zealot x2, Sentry x2  
  26  4:13  Probe x2 (Chrono Boost)  
  36  4:25  Probe x2 (Chrono Boost)  
  38  4:32  Stalker  
  38  4:33  Stalker  
  42  5:06  Stalker x4  
  50  5:12  Probe (Chrono Boost)  
  50  5:13  Probe (Chrono Boost)  
  52  5:14  Assimilator  
  52  5:18  Observer  
  53  5:23  Probe x2 (Chrono Boost)  
  51  5:29  Pylon  
  51  5:39  Pylon  
  51  5:45  Probe x2 (Chrono Boost)  
  49  5:55  Probe x2 (Chrono Boost)  
  51  6:05  Immortal  
  51  6:06  Probe (Chrono Boost)  
  56  6:13  Probe (Chrono Boost)  
  56  6:16  Probe (Chrono Boost)  
  53  6:48  Probe x2 (Chrono Boost)  
  53  6:53  Zealot x3  
  51  7:18  Probe x2 (Chrono Boost)  
  51  7:20  Assimilator, Immortal  
  51  7:21  Stalker x3  
  51  7:22  Stalker x2  
  65  7:27  Gateway  
  65  7:28  Probe (Chrono Boost)  
  66  7:57  Stalker  
  66  7:58  Stalker x3  
  74  7:59  Probe (Chrono Boost)  
  51  8:59  Forge  
  51  9:27  Stalker x4  
  59  9:44  Probe (Chrono Boost)  
  60  9:52  Immortal  
  64  9:53  Stalker x2  
  64  9:54  Stalker  
  64  9:58  Robotics Bay  
  70  10:00  Robotics Facility  
  70  10:01  Pylon  
  70  10:26  Nexus  
  70  10:27  Pylon  
  70  10:38  Immortal  
  74  10:45  Stalker x3  
  74  10:46  Stalker x2  
  68  11:19  Photon Cannon  
  68  11:20  Gateway  
  68  11:24  Assimilator, Zealot x4  
  68  11:25  Zealot x2  
  63  11:46  Probe (Chrono Boost)  
  56  11:54  Stalker x2  
  56  11:56  Probe (Chrono Boost)  
  58  12:02  Colossus  
  58  12:05  Protoss Ground Weapons Level 1 (Chrono Boost)  
  58  12:07  Probe (Chrono Boost)  
  59  12:16  Observer  
  59  12:17  Observer, Probe (Chrono Boost)  
  62  12:27  Probe (Chrono Boost)  
  63  12:37  Probe  
  64  12:44  Nexus  
  64  12:51  Stalker x3  
  69  13:02  Zealot x2  
  58  13:30  Stalker x2  
  68  13:38  Pylon  
Show
View Real Time Build Order
Export as new Build Order

Hindulaatti Terran 

Build Orders: Reaper Expand 

Get SALT Encoding   

  12  0:01  SCV  
  13  0:13  SCV  
  14  0:19  Supply Depot  
  14  0:27  SCV  
  15  0:40  SCV  
  16  0:43  Barracks  
  16  0:52  Refinery  
  16  0:53  SCV  
  17  1:05  SCV  
  18  1:24  SCV  
  19  1:37  Command Center, Reaper  
  20  1:46  Orbital Command  
  20  2:13  SCV  
  20  2:26  Reaper  
  20  2:29  SCV  
  22  2:31  Barracks x2  
  22  2:43  SCV  
  22  2:47  Factory  
  22  2:49  Orbital Command  
  22  2:53  Refinery  
  22  2:58  Barracks Reactor  
  22  3:19  Marine x2  
  24  3:34  SCV  
  25  3:35  Widow Mine  
  25  3:39  Barracks Tech Lab, Marine  
  25  3:40  Marine x2  
  30  3:42  Starport  
  30  3:46  SCV  
  31  3:51  SCV  
  32  4:03  SCV  
  32  4:05  Marine x2  
  32  4:09  Marine, Barracks Reactor  
  36  4:15  SCV  
  36  4:16  Factory Tech Lab  
  37  4:23  Marine  
  38  4:44  Orbital Command, Supply Depot x2  
  38  4:47  Supply Depot  
  38  4:49  Supply Depot  
  38  4:56  Marine  
  38  4:57  Marine  
  38  4:58  Hellion  
  38  4:59  Marauder  
  38  5:00  Medivac  
  34  5:26  Marine x2  
  34  5:27  Marauder, Marine x2  
  38  5:30  Siege Tank  
  41  5:44  Marine  
  41  6:00  Marauder, Marine x3  
  41  6:02  Marine, Hellion  
  49  6:09  SCV x2  
  51  6:14  Medivac  
  51  6:18  Marine  
  54  6:22  Supply Depot  
  50  6:54  Marauder, Marine x4, Siege Tank  
  59  7:04  Medivac  
  61  7:09  Refinery  
  61  7:12  Marine x4  
  65  7:16  Marauder  
  62  7:27  SCV  
  62  7:28  SCV  
  62  7:29  Marine  
  64  7:30  Marine x3  
  64  7:34  Medivac  
  70  7:37  Marauder  
  72  7:58  Marine x3  
  72  7:59  Marauder, Marine  
  78  8:22  SCV  
  78  8:34  Marine  
  78  8:35  Marauder, Marine, SCV  
  78  8:36  Marine x2  
  78  8:39  Siege Tank  
  76  8:49  SCV x2  
  76  8:55  Marine  
  78  9:01  SCV  
  77  9:08  Marine  
  77  9:09  Marauder, Marine  
  78  9:17  Supply Depot x2  
  78  9:20  Marine x2, SCV, Siege Tank  
  84  9:26  Marine  
  83  9:49  Marauder, Marine x4  
  83  9:51  SCV x2  
  91  10:03  Medivac, SCV  
  94  10:08  Supply Depot  
  94  10:09  Supply Depot  
  94  10:11  Marauder, Marine x2  
  98  10:18  SCV x2  
  100  10:30  SCV x2  
  100  10:33  Medivac  
  104  10:42  SCV x2  
  103  10:54  Marauder, Marine x4, SCV  
  103  10:56  Siege Tank  
  113  11:03  Medivac, Stimpack  
  57  11:33  Marine x3  
  57  11:34  Marauder, Marine  
  63  11:51  Marine  
  64  11:54  Marine x2  
  64  11:55  Marauder, Marine  
  64  11:56  SCV  
  68  12:02  SCV  
  68  12:26  Marauder, Marine x4  
  74  12:35  SCV x2  
  76  12:47  SCV  
  76  12:48  SCV  
  74  13:00  SCV  
  75  13:06  Marauder, Marine x4  
  60  13:24  Marine  
  50  13:31  Marine  
  50  13:32  Marine  
Show
View Real Time Build Order
Export as new Build Order

Kaevon Terran 

Build Orders: Liberator Opening, MMM Bio 

Get SALT Encoding   

  12  0:00  SCV  
  13  0:13  SCV  
  14  0:17  Supply Depot  
  14  0:25  SCV  
  15  0:39  SCV  
  15  0:40  Barracks  
  16  0:44  Refinery  
  16  0:51  SCV  
  17  1:03  SCV  
  18  1:15  SCV  
  19  1:19  Refinery  
  19  1:27  Reaper  
  19  1:29  Orbital Command  
  19  1:32  Supply Depot  
  20  1:56  Factory  
  20  1:59  Marine  
  21  2:01  SCV  
  22  2:12  Barracks  
  22  2:13  SCV  
  23  2:23  Marine  
  23  2:25  SCV  
  25  2:38  SCV  
  26  2:45  Factory Reactor  
  26  2:47  Starport  
  26  2:50  SCV  
  27  2:51  Marine  
  27  2:52  Supply Depot  
  28  3:09  Marine  
  29  3:13  SCV  
  29  3:15  Marine  
  29  3:16  Liberator x2  
  31  3:22  Supply Depot  
  31  3:25  SCV  
  32  3:27  Marine  
  32  3:29  Supply Depot  
  32  3:33  Barracks  
  39  3:44  SCV  
  39  3:45  Supply Depot  
  39  3:46  Supply Depot  
  40  3:52  Barracks Tech Lab  
  40  3:53  Marine  
  40  3:54  Factory Tech Lab  
  41  4:06  SCV  
  42  4:24  Command Center, SCV  
  43  4:25  Siege Tank  
  43  4:27  Medivac  
  48  4:38  Stimpack  
  48  4:56  Marine x2  
  48  4:57  Medivac, Marauder  
  48  5:14  Marine x2, SCV  
  48  5:18  Marauder  
  50  5:32  Marine  
  52  5:35  Medivac  
  52  5:38  Barracks Reactor  
  52  5:39  Orbital Command, Supply Depot, Marauder  
  52  5:41  SCV  
  56  5:53  SCV  
  56  5:56  Marine  
  58  6:00  Marine  
  59  6:06  SCV  
  60  6:13  Marine  
  60  6:14  Marine  
  60  6:17  Barracks  
  60  6:18  Marine  
  62  6:19  Barracks  
  61  6:31  Marine  
  61  6:36  Marauder  
  59  6:43  Liberator  
  59  6:44  Liberator  
  59  6:46  Marine x2  
  57  6:51  Marine  
  57  6:52  SCV x2  
  60  6:55  Refinery  
  60  6:58  Marauder  
  65  7:02  Siege Tank  
  63  7:13  Marine x5  
  65  7:19  Marauder  
  66  7:25  Barracks  
  66  7:28  SCV x2  
  68  7:31  Marine  
  68  7:32  Barracks Tech Lab, Barracks Reactor  
  68  7:35  Combat Shields  
  67  7:59  Marine  
  67  8:00  Marauder, Marine x3  
  67  8:02  Command Center  
  73  8:06  SCV  
  73  8:07  Engineering Bay x2  
  54  8:48  Marine  
  54  8:49  Marauder, Marine x3  
  54  8:50  Liberator x2, Marine x2  
  53  9:05  Refinery  
  53  9:06  Marine  
  53  9:07  Marine x3  
  53  9:08  Marine  
  53  9:09  Marauder  
  66  9:10  Marine  
  66  9:13  Terran Infantry Armor Level 1, Terran Infantry Weapons Level 1  
  66  9:15  Supply Depot  
  66  9:16  Supply Depot  
  67  9:24  Marine x3  
  67  9:30  SCV x2  
  71  9:35  Marine  
  71  9:36  Marine  
  73  9:42  Marauder, Marine x3, SCV  
  79  9:50  Marine  
  79  9:51  SCV  
  81  9:53  Marine x2  
  81  9:54  SCV  
  81  9:57  Command Center  
  84  10:00  Marauder, Marine x2  
  84  10:03  Marine, SCV  
  84  10:06  SCV  
  91  10:08  Marine  
  92  10:28  Marauder, Marine x5  
  96  10:32  SCV x2  
  101  10:35  Armory  
  101  10:36  Supply Depot  
  101  10:52  Marauder, Marine x2  
  101  10:54  Medivac x2  
  109  10:57  Supply Depot  
  109  10:58  SCV x2  
  109  11:00  Supply Depot  
  86  11:21  Marauder, Marine x2  
  80  11:32  Marauder, Marine x3  
  83  11:35  SCV x2  
  83  11:37  Orbital Command  
  83  11:38  Marine  
  83  11:39  Marine  
  87  11:42  Marine  
  88  11:47  SCV  
  88  11:52  Marine x3  
  88  11:53  SCV  
  88  11:54  Marauder  
  92  11:56  Marine  
  92  11:59  SCV  
  93  12:04  Marine  
  93  12:05  Marauder, SCV  
  98  12:09  Marine x2  
  98  12:10  Marine  
  99  12:18  Orbital Command  
  99  12:31  Marine x2  
  99  12:32  Marauder, Marine x3  
  106  12:41  Concussive Shells  
  106  12:43  Barracks Reactor  
  106  12:44  Marauder  
  108  12:49  Marine x4  
  112  13:08  Marauder, Marine x2  
  112  13:10  Command Center  
  112  13:12  Marauder, Marine x2  
  126  13:40  Starport  
Show
View Real Time Build Order
Export as new Build Order

MacWest Terran 

Build Orders:  

Get SALT Encoding   

  12  0:03  SCV  
  13  0:15  SCV  
  14  0:26  Supply Depot  
  14  0:33  SCV  
  15  0:47  SCV  
  16  0:50  Barracks  
  16  1:02  SCV  
  17  1:04  Barracks  
  17  1:14  SCV  
  18  1:25  Barracks  
  18  1:26  SCV  
  19  1:38  Marine  
  20  1:44  Orbital Command  
  20  1:48  Supply Depot  
  20  1:55  Marine  
  20  1:56  Marine  
  22  2:13  Marine  
  22  2:15  Marine x2  
  25  2:30  Command Center  
  25  2:31  Marine  
  25  2:35  Marine x2  
  28  2:41  SCV  
  29  2:47  Refinery  
  29  2:49  Marine  
  29  2:50  Refinery  
  30  2:58  SCV  
  31  3:08  Supply Depot  
  31  3:24  Marine  
  31  3:26  Marine  
  31  3:29  Marine  
  32  3:38  SCV  
  33  3:42  Marine  
  33  3:44  Marine  
  33  3:47  Marine  
  36  3:50  SCV  
  36  4:00  Marine  
  36  4:02  Marine  
  38  4:03  SCV  
  38  4:07  Orbital Command  
  39  4:15  Factory  
  39  4:16  Factory  
  39  4:19  SCV  
  40  4:25  Barracks Tech Lab x2  
  40  4:27  Barracks Reactor  
  40  4:31  SCV  
  40  4:37  Engineering Bay  
  41  4:38  Supply Depot  
  41  4:40  SCV  
  41  4:43  SCV  
  41  4:44  Marine x2  
  45  4:52  SCV  
  45  5:02  Marine  
  46  5:08  Factory Tech Lab  
  46  5:09  Factory Tech Lab  
  46  5:17  Starport  
  46  5:18  Starport  
  46  5:21  Refinery, SCV  
  46  5:22  SCV  
  46  5:23  Refinery  
  48  5:30  Marine x2  
  48  5:33  SCV  
  44  5:52  Marine x2  
  44  5:56  Marine x2  
  42  6:00  Siege Tank x2  
  48  6:23  Marine x2  
  48  6:24  Marine x2  
  48  6:25  Command Center  
  52  6:31  Supply Depot  
  52  6:32  Supply Depot x2, Siege Tank, Terran Infantry Weapons Level 1  
  55  6:33  Starport Reactor  
  55  6:34  Starport Reactor  
  55  6:41  Marine x2  
  55  6:45  Marine  
  55  6:46  Marine  
  59  6:57  Refinery  
  59  6:58  Refinery  
  59  6:59  Marine x2  
  61  7:12  Marine, Siege Tank x2  
  61  7:13  Marine  
  50  7:38  Missile Turret  
  50  7:40  Missile Turret x2  
  49  7:44  Siege Tank  
  49  7:47  Marine x2  
  51  7:52  Marine  
  51  7:57  Combat Shields  
  52  8:00  SCV  
  53  8:17  Viking  
  53  8:18  Viking x2  
  56  8:27  Marine  
  56  8:28  Marine x3  
  55  8:35  Siege Tank x2  
  61  8:45  Marine x2  
  61  8:46  Marine  
  64  8:48  Marine  
  64  8:52  Viking x2  
  66  9:01  Planetary Fortress  
  66  9:03  Marine  
  66  9:07  Siege Tank  
  70  9:10  Marine x3  
  73  9:21  Marine  
  74  9:25  Bunker  
  74  9:27  Marine  
  74  9:28  Marine x2  
  77  9:39  Marine  
  78  9:45  Marine x2  
  78  9:46  Marine  
  81  9:57  Marine, Siege Tank x2  
  88  10:03  Marine x3  
  91  10:13  Terran Infantry Armor Level 1  
  91  10:18  Engineering Bay, Armory  
  91  10:23  Supply Depot x2  
  91  10:24  SCV  
  91  10:25  Supply Depot  
  92  10:29  Siege Tank x2  
  98  10:36  Marine, SCV  
  100  11:00  SCV  
  100  11:01  Siege Tank  
  100  11:02  Siege Tank  
  106  11:06  SCV  
  105  11:13  SCV  
  105  11:18  SCV  
  98  11:25  SCV  
  89  11:30  SCV  
  89  11:32  Marine x4  
  89  11:34  Siege Tank x2  
  95  11:49  Marine x2  
  95  11:50  Viking x2, Marine  
  95  11:51  Marine  
  95  11:55  SCV  
  92  12:06  Siege Tank x2  
  92  12:07  Marine x3  
  96  12:17  Marine  
  97  12:25  Marine x3  
  97  12:28  Medivac  
  102  12:35  Marine  
  102  12:43  Marine  
  103  12:45  SCV  
  104  12:57  SCV  
  105  12:59  Marine x3  
  105  13:01  Marine  
  109  13:06  Medivac x3  
  109  13:09  SCV  
  116  13:17  Marine  
  101  13:21  Marine x3, SCV  
  93  13:33  SCV  
  93  13:37  Command Center  
Tags
 
Add a new tag
Caveats
  • Supply blocks, unpowered buildings, or Contaminate may cause inaccurate times.
  • Supply counts are checked every 10 seconds.